 Dungeon Crawl Stone Soup version 0.27.0-1-g7a089689b8 (webtiles) character file.

Game seed: 7079097261196867114

35 ZombieSheep the Chopper (level 3, 0/32 (33) HPs)
             Began as a Hill Orc Monk on Aug 3, 2021.
             Slain by an adder (2 damage)
             ... on level 2 of the Dungeon.
             The game lasted 00:01:59 (1347 turns).

ZombieSheep the Chopper (Hill Orc Monk)             Turns: 1347, Time: 00:02:00

HP:   0/32 (33)     AC:  2    Str: 14    XL:     3   Next: 35%
MP:   3/3           EV: 12    Int: 10    God:
Gold: 16            SH:  0    Dex: 13    Spells: 2/2 levels left

rFire    + . .     SeeInvis .   a - +0 hand axe
rCold    + . .     Faith    .   (no shield)
rNeg     . . .     Spirit   .   b - +0 robe
rPois    +         Reflect  .   (no helmet)
rElec    +         Harm     .   (no cloak)
rCorr    +         Rampage  .   (no gloves)
Will     .....                  (no boots)
Stlth    ++........             (no amulet)
HPRegen  0.10/turn              (no ring)
MPRegen  0.08/turn              (no ring)

@: lethally poisoned (0 -> -1), resistant, studying Dodging, lightly drained
A: no striking features
a: no special abilities


You were on level 2 of the Dungeon.
You visited 1 branch of the dungeon, and saw 2 of its levels.

You collected 16 gold pieces.

Inventory:

Hand Weapons
 a - a +0 hand axe (weapon)
Armour
 b - a +0 robe (worn)
Potions
 f - a potion of degeneration {unknown}


   Skills:
 + Level 4.1 Fighting
 + Level 4.5 Axes
 + Level 1.4 Armour
 + Level 2.8 Dodging
 - Level 1.5 Stealth


You had 2 spell levels left.
You didn't know any spells.
Your spell library was empty.

Dungeon Overview and Level Annotations

Branches:
Dungeon (2/15)

Altars:


Message History

You are lethally poisoned!
The adder poisons you! The jackal barely misses you.
You feel better. The adder closely misses you. The jackal barely misses you.
The adder barely misses you. The adder bites you but does no damage.
You feel better. The jackal misses you. The adder bites you but does no damage.
The adder bites you.
It was a potion of resistance.
You feel protected.
The jackal bites you but does no damage.
The adder closely misses you. x2; The jackal barely misses you.
The adder completely misses you.
You barely miss the adder.
The adder is severely wounded.
You miss the adder. You hit the jackal.
You kill the jackal!
The adder bites you. x2; The adder barely misses you.
You closely miss the adder.
The adder is severely wounded.
You miss the adder. The adder barely misses you.
The adder bites you but does no damage. The adder bites you.
* * * LOW HITPOINT WARNING * * *
You hit the adder.
The adder is almost dead.
You miss the adder. The adder misses you. The adder bites you.
* * * LOW HITPOINT WARNING * * *
You are poisoned.
The adder poisons you! The adder misses you.
You barely miss the adder.
The adder is almost dead.
You hit the adder but do no damage.
* * * LOW HITPOINT WARNING * * *
You feel sick. The adder closely misses you.
The adder bites you but does no damage.
You closely miss the adder.
The adder is almost dead.
You hit the adder.
* * * LOW HITPOINT WARNING * * *
You feel sick. The adder closely misses you. The adder misses you.
The adder bites you.
You die...

..... .....
#.#.#
####.#)#
#..#.#.#
#..#.#.######
#SS#.........
#@.)..!......
#####........
.........
#.........
#.........
.......S..
#.###.#### #.
.#


You could see 2 adders.

Vanquished Creatures
  A dart slug (D:1)
  2 ball pythons (D:1)
  2 endoplasms (D:1)
  2 giant cockroaches
  3 hobgoblins (D:1)
  3 jackals (D:2)
  3 kobolds
  3 frilled lizards (D:1)
  8 goblins
  2 rats (D:1)
29 creatures vanquished.

Notes
Turn   | Place    | Note
-------+----------+-------------------------------------------
     0 | D:1      | ZombieSheep the Hill Orc Monk began the quest for the Orb.
     0 | D:1      | Reached XP level 1. HP: 19/19 MP: 1/1
   277 | D:1      | Reached XP level 2. HP: 18/27 MP: 2/2
   438 | D:1      | Reached skill level 1 in Armour
   700 | D:1      | Reached XP level 3. HP: 29/33 MP: 3/3
   873 | D:1      | Found a faded altar of an unknown god.
  1347 | D:2      | Slain by an adder

Illustrated notes

Levels and vault maps discovered:
D:1:      psy_arrival_basics, layout_rooms,
          shapermc_ecumenical_altar_mp_vishouse, chequers_big_river
D:2:      layout_basic, basic_altar

Skill      XL: |  1  2 |
---------------+-------+-----
Armour         | 1 |  1.4
Fighting       | 4 |  4.1
Axes           | |  4.5
Dodging        | |  2.8
Stealth        | |  1.5

Action                   || total
-------------------------++-------
Melee: Hand axe          ||    93
  Use: Potion            ||     4
       Scroll            ||     1
 Stab: Sleeping          ||     3
Armor: Robe              ||    22
Dodge: Dodged            ||    82
